 Dungeon Crawl Stone Soup version 0.21.1-1-g345015f (webtiles) character file.

142 Mirai the Sneak (level 5, 0/31 HPs)
             Began as a Kobold Enchanter on Apr 20, 2018.
             Was an Initiate of Okawaru.
             Slain by Grinder (2 damage)
             ... on level 4 of the Dungeon.
             The game lasted 00:07:30 (2884 turns).

Mirai the Sneak (Kobold Enchanter)                  Turns: 2884, Time: 00:07:31

Health: 0/31       AC:  9    Str:  6    XL:     5   Next: 49%
Magic:  7/8        EV: 15    Int: 16    God:    Okawaru [......]
Gold:   74         SH:  0    Dex: 16    Spells: 6/9 levels left

rFire    . . .     SeeInvis .   a - +2 dagger
rCold    . . .     Gourm    .   (shield restricted)
rNeg     . . .     Faith    .   q - +3 leather armour
rPois    +         Spirit   .   (no helmet)
rElec    .         Reflect  .   n - +2 cloak
rCorr    .         Harm     .   (no gloves)
MR       .....                  (no boots)
Stlth    +++.......             (no amulet)
HPRegen  0.10/turn              m - ring of poison resistance
MPRegen  0.11/turn              (no ring)

@: no status effects
A: small, carnivore
a: Renounce Religion


You were on level 4 of the Dungeon.
You worshipped Okawaru.
Okawaru was noncommittal.
You were completely stuffed.

You visited 2 branches of the dungeon, and saw 5 of its levels.

You collected 74 gold pieces.

Inventory:

Hand Weapons
 a - a +2 dagger (weapon)
Armour
 k - a +0 shield
 n - a +2 cloak (worn)
 q - a +3 leather armour (worn)
Jewellery
 m - a ring of poison resistance (left hand)
Scrolls
 g - a scroll of identify {unknown}
 i - a scroll of blinking
 l - a scroll of enchant armour
 p - a scroll of enchant weapon
Potions
 e - a potion of curing {unknown}
 f - 2 potions of might {unknown}
 h - a potion of ambrosia {unknown}
 j - a potion of agility {unknown}
 o - a potion of degeneration {unknown}
Books
 c - a book of Maledictions

   Spells                             Type                      Level
   a - Corona                         Hexes                        1
   b - Ensorcelled Hibernation        Hexes/Ice                    2
   c - Confuse                        Hexes                        3
   d - Tukima's Dance                 Hexes                        3
   e - Dazzling Spray                 Conjuration/Hexes            3
Comestibles
 d - 7 rations


   Skills:
 + Level 2.3 Fighting
 + Level 2.7 Short Blades
 + Level 0.0 Armour
 + Level 3.1 Dodging
 + Level 5.4 Stealth
 + Level 2.6 Spellcasting
 + Level 3.2 Hexes
 - Level 0.2 Ice Magic


You had 6 spell levels left.
You knew the following spells:

 Your Spells              Type           Power        Failure   Level  Hunger
a - Corona                Hex            ##.....      8%          1    #......
b - Ensorcelled Hibernat  Hex/Ice        #.....       22%         2    ##.....


Dungeon Overview and Level Annotations

Branches:
Dungeon (4/15)             Temple (1/1) D:4

Altars:
Cheibriados
Elyvilon
Kikubaaqudgha
Nemelex Xobeh
Okawaru
Sif Muna
Trog
Uskayaw
Xom

Annotations:
D:3 Monsterracer's ghost, amateur OpMo
D:4 Grinder


Innate Abilities, Weirdness & Mutations

You are small and have problems with some larger weapons.
You are carnivorous and can eat meat at any time.


Message History

Unknown command.
Casting: Ensorcelled Hibernation
Confirm with . or Enter, or press ? or * to list all spells.
You can't see any susceptible monsters within range! (Use Z to cast anyway.) Unknown command.
Casting: Ensorcelled Hibernation
Confirm with . or Enter, or press ? or * to list all spells.
Aiming: Corona
Press: ? - help, Shift-Dir - straight line, f - Grinder
Aim: Grinder (chance to defeat MR: 49%) Grinder is outlined in light.
Grinder misses you.
You hit Grinder.
Grinder is lightly wounded.
Grinder hits you!
You writhe in agony.
You hit Grinder.
Grinder is lightly wounded.
Grinder hits you!
* * * LOW HITPOINT WARNING * * *
You writhe in agony.
You die...

#.# #.#
#...............
#.#####.# ##..
#.#.##########.#
......... ...
.....# ##...##
)........
..####.### ##..##.#
........# ...##.
#..§≈≈.. ..#######
$... #.≈§§≈≈. ..#
#.# #≈≈≈≈≈≈§
.##############5##
#≈§§>≈§≈
................@#
##≈§≈≈§≈≈
###############..#
#..≈≈§§≈. #..#
#...≈≈§.. #<.#
##.#####.. #..#
#..# #.# #..# #.##
#.#
...#######.######.#
#..............##.#
###########.##.#


You could see Grinder.

Vanquished Creatures
  An ogre (D:4)
  2 adders (D:4)
  An ooze (D:2)
  2 dart slugs (D:1)
  2 leopard geckos
  5 giant cockroaches
  A hobgoblin (D:1)
  2 jackals (D:2)
  4 bats
  A frilled lizard (D:2)
  3 goblins
  2 kobolds
  5 rats
31 creatures vanquished.

Notes
Turn   | Place    | Note
-------+----------+-------------------------------------------
     0 | D:1      | Mirai the Kobold Enchanter began the quest for the Orb.
     0 | D:1      | Reached XP level 1. HP: 10/10 MP: 3/3
   436 | D:1      | Reached skill level 1 in Fighting
   436 | D:1      | Reached XP level 2. HP: 9/16 MP: 1/5
   990 | D:2      | Reached XP level 3. HP: 20/20 MP: 6/6
  1001 | D:2      | Learned a level 2 spell: Ensorcelled Hibernation
  1419 | D:2      | Found a hide-covered altar of Uskayaw.
  1420 | D:2      | Found a deep blue altar of Sif Muna.
  1422 | D:2      | Found a snail-covered altar of Cheibriados.
  1422 | D:2      | Found a shimmering altar of Xom.
  1424 | D:2      | Found a bloodstained altar of Trog.
  1424 | D:2      | Found an ancient bone altar of Kikubaaqudgha.
  1425 | D:2      | Found a sparkling altar of Nemelex Xobeh.
  1624 | D:3      | Noticed Monsterracer's ghost (amateur OpMo)
  1649 | D:3      | HP: 1/21 [Monsterracer's ghost (3)]
  1983 | D:3      | Reached skill level 5 in Stealth
  2363 | D:4      | Found a staircase to the Ecumenical Temple.
  2404 | Temple   | Entered the Ecumenical Temple
  2441 | Temple   | Became a worshipper of Warmaster Okawaru
  2627 | D:4      | Reached XP level 4. HP: 22/26 MP: 0/7
  2717 | D:4      | Noticed an ogre
  2730 | D:4      | Killed an ogre
  2730 | D:4      | Reached XP level 5. HP: 31/31 MP: 1/8
  2876 | D:4      | Noticed Grinder
  2877 | D:4      | Paralysed by Grinder for 5 turns
  2884 | D:4      | Slain by Grinder

Skill      XL: |  1  2  3  4 |
---------------+-------------+-----
Fighting       | 1 2 |  2.3
Stealth        | 5 |  5.4
Short Blades   | 2 |  2.7
Dodging        | 3 |  3.1
Spellcasting   | |  2.6
Hexes          | |  3.2
Ice Magic      | |  0.2

Action                   |  1- 3 |  4- 6 || total
-------------------------+-------+-------++-------
Melee: Dagger            |   144 |     7 ||   151
 Cast: Corona            |    20 |     1 ||    21
       Ensorcelled Hiber |    11 |     2 ||    13
  Use: Scroll            |     4 |       ||     4
       Potion            |     2 |       ||     2
 Stab: Sleeping          |     9 |     2 ||    11
  Eat: Chunk             |    13 |     3 ||    16
Armor: Robe              |    38 |       ||    38
Dodge: Dodged            |   115 |     6 ||   121
